 Dungeon Crawl Stone Soup version 0.29-a0-690-g32ab5fea29 (webtiles) character file.

Game seed: 7224122659944006774

734 CannotBeFrozen the Grasshopper (level 7, 0/55 HPs)
             Began as a Demigod Warper on June 25, 2022.
             Shot with an arrow by a centaur (3 damage)
             ... on level 6 of the Dungeon.
             The game lasted 00:28:46 (7675 turns).

CannotBeFrozen the Grasshopper (Demigod Warper)     Turns: 7675, Time: 00:28:46

Health: 0/55       AC:  4    Str: 12    XL:     7   Next: 21%
Magic:  13/13      EV: 12    Int: 15    God:
Gold:   276        SH:  0    Dex: 21    Spells: 2/10 levels left

rFire   . . .      SeeInvis .   a - +1 long sword (chaos)
rCold   . . .      Faith    .   (no shield)
rNeg    + + .      Spirit   .   b - +0 leather armour
rPois   .          Reflect  .   (no helmet)
rElec   .          Harm     .   w - +0 cloak
rCorr   .          Rampage  .   (no gloves)
Will    .....                   (no boots)
Stlth   ++........              (no amulet)
HPRegen 0.18/turn               z - ring of positive energy
MPRegen 0.13/turn               A - ring of positive energy

@: no status effects
A: high MP 1, forlorn, divine attributes
a: no special abilities


You were on level 6 of the Dungeon.
You visited 1 branch of the dungeon, and saw 6 of its levels.

You collected 276 gold pieces.

Inventory:

Hand Weapons
 a - a +1 long sword of chaos (weapon)
Missiles
 d - 5 boomerangs of dispersal {=f=F}
 h - 9 boomerangs
 j - 36 stones
 y - 7 poisoned darts (quivered)
Armour
 b - a +0 leather armour (worn)
 g - a +0 ring mail
 s - a +2 kite shield
 w - a +0 cloak (worn)
Jewellery
 z - a ring of positive energy (left hand)
 A - a ring of positive energy (right hand)
Wands
 i - a wand of iceblast (14)
 n - a wand of flame (2)
Scrolls
 c - a scroll of blinking
 f - a scroll of enchant armour
 k - a scroll of fog
 r - 2 scrolls of magic mapping
 u - 2 scrolls of teleportation {@r2}
 x - a scroll of vulnerability
Potions
 e - a potion of brilliance
 l - a potion of lignification
 m - 6 potions of curing {@q1}
 q - 4 potions of heal wounds {@q2}
 t - a potion of attraction
 v - a potion of flight
 B - a potion of invisibility {unknown}


   Skills:
 + Level 2.1 Fighting
 + Level 5.0 Long Blades
 + Level 2.0 Throwing
 - Level 2.0 Armour
 - Level 2.0 Dodging
 - Level 2.0 Stealth
 - Level 2.0 Spellcasting
 - Level 5.0 Translocations


You had 2 spell levels left.
You knew the following spells:

 Your Spells              Type           Power      Damage    Failure   Level
b - Lesser Beckoning      Tloc           16%        N/A       11%         3
g - Gell's Gravitas       Tloc           16%        N/A       11%         3
z - Blink                 Tloc           32%        N/A       5%          2

Your spell library contained the following spells:

 Spells                   Type           Power      Damage    Failure   Level
 Sandblast                Erth           2%         2d4       28%         1
 Sting                    Tmut/Pois      4%         1d3       28%         1
 Passwall                 Tmut/Erth      0%         N/A       38%         2
 Poisonous Vapours        Pois/Air       2%         N/A       38%         2
 Teleport Other           Tloc           16%        N/A       11%         3
 Stone Arrow              Conj/Erth      2%         3d7       63%         3
 Manifold Assault         Tloc           16%        N/A       67%         5
 Olgreb's Toxic Radiance  Pois           1%         N/A       95%         4


Dungeon Overview and Level Annotations

Branches:
Dungeon (6/15)             Temple (0/1) D:4

Shops:
D:5 [


Innate Abilities, Weirdness & Mutations

You have an increased reservoir of magic. (+10% MP)
You shall have no god before yourself.
Your divine heritage dramatically boosts your attributes as you level up.


Message History

You see here a +0 plate armour.
y - 8 poisoned darts (gained 3)
j - 36 stones (gained 3)
o - a scroll of identify {@r1}
Found Sepreep's Antique Armour Shoppe.
As you read the scroll of identify {@r1}, it crumbles to dust.
l - a potion of lignification
Found a ring mail.
There is an entrance to Sepreep's Antique Armour Shoppe here.
Done exploring.
Done exploring.
Search for what [Enter for "."]? .
There is a stone staircase leading down here.
You climb downwards.
Found a dark potion, a bubbling coppery potion and 14 gold pieces.
There is a stone staircase leading up here.
You throw a poisoned dart. The poisoned dart hits the centaur.
The centaur is poisoned.
The centaur shouts!
The centaur wields a +0 shortbow.
The centaur shoots an arrow.
The arrow misses you.
The centaur shoots an arrow.
The arrow hits you.
HP: 50/55 (-5) ==========-- The centaur shoots an arrow.
The arrow hits you.
The centaur shoots an arrow.
The arrow completely misses you.
HP: 44/55 (-6) =========--- !
The centaur shoots an arrow.
The arrow hits you!
HP: 31/55 (-13) ======------ !!
The centaur shoots an arrow.
The arrow hits you!
* * * LOW HITPOINT WARNING * * *
HP: 24/55 (-7) =====------- !
The centaur shoots an arrow.
The arrow barely misses you.
The centaur shoots an arrow.
The arrow hits you but does no damage.
The centaur shoots an arrow.
The arrow hits you!
* * * LOW HITPOINT WARNING * * *
HP: 15/55 (-9) ===--------- !
The centaur shoots an arrow.
The arrow hits you!
* * * LOW HITPOINT WARNING * * *
The centaur shoots an arrow.
The arrow hits you.
You die...

#.$......
#!.......
#......#
#......#
#......#
#.....(# #...c.#
###########@.!.#
............####
............#
#############
#.. #. #. #


You could see a centaur (poisoned).

Vanquished Creatures
  A phantom (D:4)
  2 scorpions
  2 hounds (D:4)
  4 orc priests
  Jessica (D:3)
  Ijyb (D:3)
  2 iguanas
  An orc wizard (D:2)
  7 gnolls
  8 adders
  2 worms
  19 orcs
  4 ball pythons
  3 bats
  5 endoplasms
  4 giant cockroaches
  5 goblins
  11 hobgoblins
  A jackal (D:1)
  2 kobolds
  4 quokkas
  A frilled lizard (D:2)
  3 rats
93 creatures vanquished.

Notes
Turn   | Place    | Note
-------+----------+-------------------------------------------
     0 | D:1      | CannotBeFrozen the Demigod Warper began the quest for the
                  | Orb.
     0 | D:1      | Reached XP level 1. HP: 17/17 MP: 5/5
   910 | D:1      | Reached XP level 2. HP: 23/24 MP: 7/7
   966 | D:1      | Learned a level 2 spell: Blink
  1924 | D:2      | Reached XP level 3. HP: 29/29 MP: 8/8
  2549 | D:3      | Noticed Ijyb
  2568 | D:3      | Killed Ijyb
  2569 | D:3      | Reached XP level 4. HP: 33/36 MP: 9/9
  2885 | D:2      | Reached skill level 1 in Throwing
  3483 | D:3      | Reached XP level 5. HP: 41/41 MP: 10/10
  4189 | D:3      | Noticed Jessica
  4199 | D:3      | Killed Jessica
  4525 | D:4      | Reached XP level 6. HP: 16/48 MP: 11/11
  5320 | D:4      | Learned a level 3 spell: Gell's Gravitas
  5370 | D:4      | Learned a level 3 spell: Lesser Beckoning
  5723 | D:4      | Reached skill level 5 in Translocations
  5807 | D:4      | Reached skill level 5 in Long Blades
  5865 | D:4      | Found a staircase to the Ecumenical Temple.
  6152 | D:5      | Entered Level 5 of the Dungeon
  6166 | D:4      | Reached skill level 1 in Armour
  6491 | D:4      | Reached skill level 1 in Stealth
  6585 | D:4      | Reached XP level 7. HP: 44/55 MP: 10/13
  7646 | D:5      | Found Sepreep's Antique Armour Shoppe.
  7675 | D:6      | Shot with an arrow by a centaur

Illustrated notes

Levels and vault maps discovered:
D:1:      doesnt_arrival_eight_statues, layout_loops_ring,
          shapermc_ecumenical_altar_starsandcircs, minmay_split_cup_large
D:2:      layout_loops_corners
D:3:      layout_basic, uniq_ijyb, uniq_jessica
D:4:      layout_rooms, temple_statues, grunt_ministairs_6, lemuel_old_faithful
D:5:      layout_cave_pools, serial_shops, shop
D:6:      kennysheep_windowed_halls, layout_rooms, general_overflow_altar,
          lemuel_coloured_pillars_altar

Skill      XL: |  1  2  3  4  5  6  7 |
---------------+----------------------+-----
Long Blades    | 2 3 4 5 |  5.0
Fighting       | 2 |  2.1
Spellcasting   | 2 |  2.0
Translocations | 3 4 5 |  5.0
Throwing       | 1 2 |  2.0
Armour         | 1 2 |  2.0
Dodging        | 2 |  2.0
Stealth        | 1 2 |  2.0

Action                   |  1- 3 |  4- 6 |  7- 9 || total
-------------------------+-------+-------+-------++-------
Melee: Falchion          |    96 |   186 |    19 ||   301
       Punch             |       |     1 |       ||     1
       Long sword        |       |       |    14 ||    14
Throw: Dart              |    22 |    45 |    13 ||    80
       Boomerang         |     2 |    32 |     9 ||    43
 Cast: Blink             |       |     4 |     1 ||     5
Evoke: Wand              |       |     1 |       ||     1
  Use: Scroll            |     5 |     5 |     5 ||    15
       Potion            |     1 |       |       ||     1
 Stab: Sleeping          |       |     1 |       ||     1
Armor: Ring mail         |     6 |       |       ||     6
       Leather armour    |    18 |    42 |     5 ||    65
Dodge: Dodged            |    48 |   124 |    18 ||   190

Table legend: (Time is in decaauts)
 A = Elapsed time spent in this place.
 B = Non-inter-level travel time spent in this place.
 C = Inter-level travel time spent in this place.
 D = Time resting spent in this place.
 E = Time spent auto-exploring this place.
 F = Levels seen in this place.
 G = Mean time per level.
                   A        B        C        D        E       F      G
               +--------+--------+--------+--------+--------+-----+--------+
         Total |   7720 |   7556 |    164 |   3090 |   2530 |   6 | 1286.7 |
       Dungeon |   7720 |   7556 |    164 |   3090 |   2530 |   6 | 1286.7 |
               +--------+--------+--------+--------+--------+-----+--------+

Top non-repeatable levels by time:
     D:4: 2020 daAuts
     D:3: 1730 daAuts
     D:2: 1565 daAuts
     D:1: 1362 daAuts
     D:5: 1033 daAuts
     D:6: 8 daAuts
